 Dungeon Crawl Stone Soup version 0.29.0-7-g18a832c13a (webtiles) character file.

Game seed: 15762028609014119306

100 xian the Chopper (level 5, 0/42 HPs)
             Began as a Formicid Berserker on Sept 1, 2022.
             Was a Believer of Trog.
             Slain by a goblin
             ... wielding a +0 quarterstaff
              (10 damage)
             ... on level 3 of the Dungeon.
             The game lasted 00:04:22 (2749 turns).

xian the Chopper (Formicid Berserker)               Turns: 2749, Time: 00:04:23

Health: 0/42       AC: -8    Str: 24    XL:     5   Next: 3%
Magic:  5/5        EV: 16    Int:  6    God:    Trog [**....]
Gold:   156        SH:  0    Dex: 13    Spells: 4/4 levels left

rFire   x . .      SeeInvis +   a - +0 hand axe
rCold   + . .      Faith    .   (no shield)
rNeg    . . .      Spirit   .   b - +0 animal skin
rPois   .          Reflect  .   (helmet unavailable)
rElec   .          Harm     .   i - +0 cloak
rCorr   .          Rampage  .   (no gloves)
Will    .....                   (no boots)
Stlth   ++........              (no amulet)
HPRegen 0.14/turn               q - ring of ice
MPRegen 0.09/turn               t - +4 ring of evasion

@: corroded
A: permanent stasis, dig shafts and tunnels, antennae 3, four strong arms
a: Dig, Shaft Self, Renounce Religion, Trog's Hand


You were on level 3 of the Dungeon.
You worshipped Trog.
Trog was pleased with you.
You visited 1 branch of the dungeon, and saw 3 of its levels.

You collected 156 gold pieces.

Inventory:

Hand Weapons
 a - a +0 hand axe (weapon)
Missiles
 l - 5 poisoned darts
Armour
 b - a +0 animal skin (worn)
 i - a +0 cloak (worn)
Jewellery
 q - a ring of ice (left hand)
 t - a +4 ring of evasion (right hand)
Scrolls
 d - 3 scrolls of identify {unknown}
 e - a scroll of poison {unknown}
 g - 2 scrolls of immolation {unknown}
 h - a scroll of vulnerability {unknown}
 n - a scroll of noise {unknown}
 o - a scroll of teleportation {unknown}
Potions
 c - a potion of invisibility {unknown}
 f - a potion of berserk rage {unknown}
 j - a potion of heal wounds {unknown}
 k - a potion of brilliance {unknown}
 m - a potion of might {unknown}
 p - a potion of curing {unknown}
 r - a potion of resistance {unknown}
 s - a potion of mutation {unknown}


   Skills:
 + Level 3.8 Fighting
 + Level 4.3 Axes
 + Level 2.2 Armour
 + Level 2.5 Dodging
 + Level 0.8 Stealth


You had 4 spell levels left.
You didn't know any spells.
Your spell library contained the following spells:

 Spells                   Type           Power      Damage    Failure   Level
 Sandblast                Erth           0%         2d4       45%         1
 Passwall                 Tmut/Erth      0%         N/A       58%         2
 Lesser Beckoning         Tloc           0%         N/A       83%         3
 Stone Arrow              Conj/Erth      0%         3d7       83%         3
 Manifold Assault         Tloc           0%         N/A       100%        5
 Blink                    Tloc           Unusable   N/A       N/A         2

Dungeon Overview and Level Annotations

Branches:
Dungeon (3/15)

Altars:

Shops:
D:2 (


Innate Abilities, Weirdness & Mutations

You cannot be hasted, slowed, berserked, paralysed or teleported.
You can dig through walls and to a lower floor.
You have a pair of large antennae on your head. (SInv)
Your four strong arms can wield two-handed weapons with a shield.


Message History

You are frozen.
You resist.
You slash the endoplasm!
You kill the endoplasm!
Trog accepts your kill.
You hit the goblin.
You kill the goblin!
Trog accepts your kill.
Things that are here:
a +0 dagger; 4 stones You hit the jelly.
The acid corrodes you!
Your hands burn!
The jelly is lightly wounded.
The jelly misses you. The jelly closely misses you.
You hit the jelly.
Your hands burn!
The jelly is moderately wounded.
The jelly hits you. The acid corrodes you!
You are splashed with acid!
You slash the jelly!
Your hands burn!
The jelly is severely wounded.
The jelly closely misses you.
You hit the jelly but do no damage.
Your hands burn!
The jelly is severely wounded.
The jelly barely misses you.
You hit the jelly but do no damage. The acid corrodes you!
Your hands burn!
The jelly is severely wounded.
The jelly closely misses you.
You hit the jelly.
You kill the jelly!
Trog accepts your kill.
You have reached level 5!
You sense a monster nearby.
A goblin comes into view. It is wielding a +0 quarterstaff.
A goblin is nearby!
The goblin shouts!
The goblin hits you with a +0 quarterstaff!
You hit the goblin but do no damage.
The goblin hits you with a +0 quarterstaff.
* * * LOW HITPOINT WARNING * * *
You hit the goblin but do no damage. The goblin misses you.
You closely miss the goblin.
The goblin hits you with a +0 quarterstaff!
You die...

... {{ { .## { #..##
..## #...# .#.## #...#
..#<#.# #...# #..##.#
#...## #.###.# #.... ..#
#.# #.#g# #.#
#.########.#@# #.#
#.##.......).#####
#.###.##................
#.........####.##.#####.
###.#####.# #.# .# #.#
#.# #.# .# #.# #.# #.#
.# #.# #.# #.. .. #.#
#.# ### .#


You could see a goblin.

Vanquished Creatures
  A jelly (D:3)
  3 adders (D:2)
  A dart slug (D:1)
  5 ball pythons
  4 bats
  3 endoplasms
  2 hobgoblins
  4 jackals (D:1)
  2 kobolds (D:1)
  3 quokkas
  11 frilled lizards
  2 goblins
  2 rats (D:2)
43 creatures vanquished.

Vanquished Creatures (others)
  6 plants (D:2)
6 creatures vanquished.

Grand Total: 49 creatures vanquished

Notes
Turn   | Place    | Note
-------+----------+-------------------------------------------
     0 | D:1      | xian the Formicid Berserker began the quest for the Orb.
     0 | D:1      | Reached XP level 1. HP: 18/18 MP: 1/1
   358 | D:1      | Reached XP level 2. HP: 23/24 MP: 2/2
   912 | D:1      | Reached XP level 3. HP: 23/29 MP: 3/3
  1684 | D:2      | Found a faded altar of an unknown god.
  1819 | D:2      | Reached ** piety under Trog
  1911 | D:2      | Found Paemic's Antique Weapon Shop.
  2116 | D:2      | Reached XP level 4. HP: 22/36 MP: 4/4
  2383 | D:2      | Reached skill level 4 in Axes
  2740 | D:3      | Reached XP level 5. HP: 25/42 MP: 5/5
  2749 | D:3      | Slain by a goblin

Illustrated notes

Levels and vault maps discovered:
D:1:      dpeg_arrival_more_subterranean_lakeside_camping, layout_loops_ring,
          kennysheep_minor_cross, chequers_jeans, minmay_misc_feat_x,
          roderic_malta_cross
D:2:      layout_basic, serial_shops, shop_statue,
          ebering_ecumenical_altar_rust, kennysheep_cluttered_room,
          minmay_lizard_king
D:3:      layout_loops_ring, serial_shops, nicolae_shop_hallway_plus,
          minmay_quantized

Skill      XL: |  1  2  3  4 |
---------------+-------------+-----
Dodging        | 2 |  2.5
Axes           | 4 |  4.3
Fighting       | |  3.8
Armour         | |  2.2
Stealth        | |  0.8

Action                   |  1- 3 |  4- 6 || total
-------------------------+-------+-------++-------
Melee: Hand axe          |    85 |    31 ||   116
Armor: Animal skin       |    19 |     9 ||    28
Dodge: Dodged            |    85 |    26 ||   111
